 Dungeon Crawl Stone Soup version 0.23.0 (webtiles) character file.

Game seed: 10473762592124003587

802 tidbits the Charmwright (level 7, -4/84 HPs)
             Began as a Gnoll Skald on Feb 11, 2019.
             Killed from afar by an orc wizard (7 damage)
             ... with a magic dart
             ... while paralysed by Grinder
             ... on level 5 of the Dungeon.
             The game lasted 00:11:07 (1356 turns).

tidbits the Charmwright (Gnoll Skald)               Turns: 1356, Time: 00:11:07

Health: -4/84      AC: 23    Str: 19    XL:     7   Next: 91%
Magic:  15/15      EV:  2    Int: 17    God:
Gold:   63         SH:  0    Dex: 14    Spells: 6/17 levels left

rFire    . . .     SeeInvis .   b - +2 flail (holy)
rCold    . . .     Gourm    .   (no shield)
rNeg     + + +     Faith    .   (armour currently unavailable)
rPois    +         Spirit   .   (helmet currently unavailable)
rElec    .         Reflect  .   (cloak currently unavailable)
rCorr    .         Harm     .   (gloves currently unavailable)
MR       .....     NoTele   +   (boots currently unavailable)
Stlth    ++........             (no amulet)
HPRegen  0.24/turn              f - +3 ring of evasion
MPRegen  0.14/turn              (no ring)

@: paralysed, mighty, lethally poisoned (-4 -> -24), tree-form, slowed
A: distributed training, strong nose
a: no special abilities


You were on level 5 of the Dungeon.
You were not hungry.
You were a tree.
You visited 1 branch of the dungeon, and saw 6 of its levels.

You collected 63 gold pieces.

Inventory:

Hand Weapons
 a - a +0 spear
 b - a +2 flail of holy wrath (weapon)
   (You took it off an orc on level 6 of the Dungeon)
 g - a +0 dagger
Missiles
 c - 18 stones
 j - 41 sling bullets
 l - 20 bolts
 p - 2 tomahawks (quivered)
Armour
 t - a +0 leather armour (melded)
Jewellery
 f - a +3 ring of evasion (left branch)
   (You found it on level 1 of the Dungeon)
Scrolls
 e - 2 scrolls of immolation {unknown}
 h - 3 scrolls of amnesia {unknown}
 m - 2 scrolls of identify {unknown}
 n - a scroll of fear {unknown}
 u - a scroll of teleportation {unknown}
 v - a scroll of remove curse {unknown}
 w - a scroll of enchant weapon {unknown}
Potions
 r - a potion of curing {unknown}
 s - a potion of flight {unknown}
Comestibles
 d - 7 rations


   Skills:
 + Level 5.3 Fighting
 + Level 2.7 Short Blades
 + Level 2.7 Long Blades
 + Level 2.7 Axes
 + Level 2.7 Maces & Flails
 + Level 5.3 Polearms
 + Level 2.7 Staves
 + Level 2.7 Slings
 + Level 2.7 Bows
 + Level 2.7 Crossbows
 + Level 2.7 Throwing
 + Level 3.8 Armour
 + Level 5.3 Dodging
 + Level 2.7 Stealth
 + Level 2.7 Shields
 + Level 2.7 Unarmed Combat
 + Level 5.7 Spellcasting
 + Level 2.2 Conjurations
 + Level 2.2 Hexes
 + Level 5.9 Charms
 + Level 2.2 Summonings
 + Level 2.2 Necromancy
 + Level 2.2 Translocations
 + Level 2.2 Transmutations
 + Level 2.2 Fire Magic
 + Level 2.2 Ice Magic
 + Level 2.2 Air Magic
 + Level 2.2 Earth Magic
 + Level 2.2 Poison Magic
 + Level 3.0 Invocations
 + Level 2.7 Evocations


You had 6 spell levels left.
You knew the following spells:

 Your Spells              Type           Power        Failure   Level  Hunger
g - Shroud of Golubria    Chrm/Tloc      ###.......   3%          2    #......
i - Infusion              Chrm           ####         1%          1    None
r - Regeneration          Chrm/Necr      ###.......   8%          3    ##.....
w - Spectral Weapon       Hex/Chrm       ###.....     8%          3    ##.....
y - Song of Slaying       Chrm           ####....     1%          2    #......

Your spell library contained the following spells:

 Spells                   Type           Power        Failure   Level  Hunger


Dungeon Overview and Level Annotations

Branches:
Dungeon (6/15)
 Temple: D:4-7

Altars:
Dithmenos
Gozag

Annotations:
D:5 Duvessa, Grinder


Innate Abilities, Weirdness & Mutations

Your experience applies equally to all skills.
((You have very sharp teeth.))
Your uncanny sense of smell can sniff out nearby items.


Message History

The orc hits your spectral weapon with a +0 club.
Your spectral weapon shares its damage with you!
Your spectral weapon fades away.
* * * LOW HITPOINT WARNING * * *
Duvessa hits you but does no damage.
Grinder blinks!
Unknown command.
You sock Duvessa!
Duvessa is almost dead.
You feel less wooden.
Your +0 leather armour unmelds from your body.
The water moccasin bites you.
* * * LOW HITPOINT WARNING * * *
Duvessa hits you with a +0 short sword.
* * * LOW HITPOINT WARNING * * *
The water moccasin completely misses you.
Duvessa misses you.
The orc wizard gestures wildly while chanting.
The orc wizard blinks!
The orc barely misses you. The water moccasin closely misses you.
Duvessa barely misses you.
Unknown command.
It was a potion of ambrosia.
You are confused.
You feel invigorated. Duvessa misses you. The water moccasin barely misses you.
The orc wizard casts a spell.
The orc wizard blinks!
The orc hits you with a +0 club.
* * * LOW HITPOINT WARNING * * *
Duvessa completely misses you.
Grinder blinks!
The water moccasin barely misses you.
Unknown command.
You bump into the rock wall.
You feel less invigorated.
You feel less confused.
Your song is almost over.
Duvessa hits you but does no damage. The water moccasin bites you.
* * * LOW HITPOINT WARNING * * *
The orc completely misses you.
The orc wizard mumbles some strange words.
The orc wizard blinks!
Duvessa hits you with a +0 short sword.
* * * LOW HITPOINT WARNING * * *
The water moccasin misses you. The orc hits you with a +0 club.
* * * LOW HITPOINT WARNING * * *
Unknown command.
Duvessa rages.
Duvessa hits you with a +0 short sword.
* * * LOW HITPOINT WARNING * * *
The orc hits you with a +0 club.
* * * LOW HITPOINT WARNING * * *
Unknown command.
The orc wizard casts a spell.
The orc wizard blinks!
Duvessa closely misses you.
Grinder blinks!
The water moccasin closely misses you. Duvessa barely misses you.
Unknown command.
Unknown command.
Duvessa is no longer moving quickly.
Duvessa is no longer berserk.
The water moccasin bites you!
* * * LOW HITPOINT WARNING * * *
Grinder misses you.
Duvessa weeps.
Unknown command.
It was a potion of might.
You feel very mighty all of a sudden.
Your song has ended.
The water moccasin bites you but does no damage.
Grinder gestures at you. You resist with significant effort.
The water moccasin bites you.
* * * LOW HITPOINT WARNING * * *
You are lethally poisoned!
The water moccasin poisons you!
Unknown command.
It was a potion of lignification.
You turn into a tree.
Your +0 leather armour melds into your body.
Your roots penetrate the ground.
* * * LOW HITPOINT WARNING * * *
You feel sick.
The water moccasin bites you but does no damage.
Grinder zaps a wand.
The puff of flame hits you but does no damage.
The water moccasin bites you but does no damage.
Grinder hits you but does no damage.
It was a potion of magic.
Magic courses through your body.
* * * LOW HITPOINT WARNING * * *
You feel sick. The orc wizard barely misses you.
The water moccasin bites you but does no damage.
The orc wizard barely misses you. The water moccasin bites you.
* * * LOW HITPOINT WARNING * * *
You are more poisoned.
The water moccasin poisons you! Grinder gestures at you.
You suddenly lose the ability to move!
The orc wizard hits you but does no damage.
* * * LOW HITPOINT WARNING * * *
You feel very sick.
The water moccasin bites you but does no damage.
Grinder zaps a wand.
The puff of flame hits you but does no damage.
The orc wizard hits you but does no damage.
The water moccasin bites you but does no damage.
* * * LOW HITPOINT WARNING * * *
You feel sick.
The orc wizard points at you and mumbles some strange words.
The magic dart hits you!
You die...

### ##.## ##...####
#.......### ####
###.....#...# ...#
#.......#♣oo#
...#####†##...##S5.#
.........###.###e..#
#####.#### ####....#
∆ #.......## #....)#
#........# #.....#
#..........# #....(#
...................(
........######.....#.


You could see Grinder, Duvessa, a water moccasin, an orc wizard and an orc.

Vanquished Creatures
  2 ogres (D:5)
  A phantom (D:6)
  A bullfrog (D:6)
  Dowan (D:5)
  A scorpion (D:5)
  A vampire bat (D:5)
  A crimson imp (D:5)
  3 hounds
  A worker ant (D:5)
  3 orc wizards
  4 adders
  A shadow imp (D:5)
  An ooze (D:2)
  2 worms (D:2)
  2 dart slugs
  A leopard gecko (D:1)
  3 orcs
  4 giant cockroaches
  6 goblins
  3 hobgoblins (D:1)
  6 jackals (D:3)
  A quokka (D:4)
  2 ball pythons
  13 bats
  A frilled lizard (D:1)
  4 kobolds
  A quokka skeleton (D:5)
  3 rats
73 creatures vanquished.

Vanquished Creatures (others)
  2 spectral weapons (D:5)
2 creatures vanquished.

Grand Total: 75 creatures vanquished

Notes
Turn   | Place    | Note
-------+----------+-------------------------------------------
     0 | D:1      | tidbits the Gnoll Skald began the quest for the Orb.
     0 | D:1      | Reached XP level 1. HP: 20/20 MP: 6/6
    95 | D:1      | Reached XP level 2. HP: 26/26 MP: 2/7
    99 | D:1      | Learned a level 2 spell: Song of Slaying
   102 | D:1      | Learned a level 2 spell: Shroud of Golubria
   275 | D:1      | Reached XP level 3. HP: 31/31 MP: 1/9
   280 | D:1      | Learned a level 3 spell: Regeneration
   284 | D:1      | Learned a level 3 spell: Spectral Weapon
   338 | D:2      | Reached skill level 5 in Spellcasting
   416 | D:2      | Found a shadowy altar of Dithmenos.
   428 | D:2      | Found an opulent altar of Gozag.
   453 | D:2      | Reached skill level 1 in Invocations
   520 | D:2      | Reached skill level 1 in Short Blades
   520 | D:2      | Reached skill level 1 in Long Blades
   520 | D:2      | Reached skill level 1 in Axes
   520 | D:2      | Reached skill level 1 in Maces & Flails
   520 | D:2      | Reached skill level 1 in Staves
   520 | D:2      | Reached skill level 1 in Slings
   520 | D:2      | Reached skill level 1 in Bows
   520 | D:2      | Reached skill level 1 in Crossbows
   520 | D:2      | Reached skill level 1 in Throwing
   520 | D:2      | Reached skill level 1 in Stealth
   520 | D:2      | Reached skill level 1 in Shields
   520 | D:2      | Reached skill level 1 in Unarmed Combat
   520 | D:2      | Reached skill level 1 in Evocations
   533 | D:2      | Reached XP level 4. HP: 38/38 MP: 2/11
   691 | D:5      | Entered Level 5 of the Dungeon
   717 | D:5      | Reached skill level 1 in Conjurations
   717 | D:5      | Reached skill level 1 in Hexes
   717 | D:5      | Reached skill level 1 in Summonings
   717 | D:5      | Reached skill level 1 in Necromancy
   717 | D:5      | Reached skill level 1 in Translocations
   717 | D:5      | Reached skill level 1 in Transmutations
   717 | D:5      | Reached skill level 1 in Fire Magic
   717 | D:5      | Reached skill level 1 in Ice Magic
   717 | D:5      | Reached skill level 1 in Air Magic
   717 | D:5      | Reached skill level 1 in Earth Magic
   717 | D:5      | Reached skill level 1 in Poison Magic
   717 | D:5      | Reached XP level 5. HP: 39/43 MP: 7/12
   732 | D:5      | Noticed an ogre
   742 | D:5      | Killed an ogre
   742 | D:5      | Reached skill level 3 in Armour
   849 | D:4      | Reached skill level 2 in Invocations
   849 | D:4      | Reached XP level 6. HP: 33/50 MP: 9/13
  1018 | D:6      | Noticed a phantom
  1040 | D:6      | Reached skill level 5 in Fighting
  1040 | D:6      | Reached skill level 2 in Short Blades
  1040 | D:6      | Reached skill level 2 in Long Blades
  1040 | D:6      | Reached skill level 2 in Axes
  1040 | D:6      | Reached skill level 2 in Maces & Flails
  1040 | D:6      | Reached skill level 5 in Polearms
  1040 | D:6      | Reached skill level 2 in Staves
  1040 | D:6      | Reached skill level 2 in Slings
  1040 | D:6      | Reached skill level 2 in Bows
  1040 | D:6      | Reached skill level 2 in Crossbows
  1040 | D:6      | Reached skill level 2 in Throwing
  1040 | D:6      | Reached skill level 5 in Dodging
  1040 | D:6      | Reached skill level 2 in Stealth
  1040 | D:6      | Reached skill level 2 in Shields
  1040 | D:6      | Reached skill level 2 in Unarmed Combat
  1040 | D:6      | Reached skill level 2 in Evocations
  1136 | D:6      | Killed a phantom
  1136 | D:6      | Reached XP level 7. HP: 47/56 MP: 10/15
  1243 | D:5      | Reached skill level 2 in Conjurations
  1243 | D:5      | Reached skill level 2 in Hexes
  1243 | D:5      | Reached skill level 2 in Summonings
  1243 | D:5      | Reached skill level 2 in Necromancy
  1243 | D:5      | Reached skill level 2 in Translocations
  1243 | D:5      | Reached skill level 2 in Transmutations
  1243 | D:5      | Reached skill level 2 in Fire Magic
  1243 | D:5      | Reached skill level 2 in Ice Magic
  1243 | D:5      | Reached skill level 2 in Air Magic
  1243 | D:5      | Reached skill level 2 in Earth Magic
  1243 | D:5      | Reached skill level 2 in Poison Magic
  1325 | D:5      | Noticed Dowan
  1331 | D:5      | Killed Dowan
  1331 | D:5      | Reached skill level 3 in Invocations
  1335 | D:5      | Noticed Duvessa
  1336 | D:5      | Noticed Grinder
  1351 | D:5      | HP: 10/56 [water moccasin (8)]
  1354 | D:5      | Paralysed by Grinder for 4 turns
  1355 | D:5      | HP: 4/84 [poisoned by a water moccasin]
  1356 | D:5      | Killed from afar by an orc wizard

Skill      XL: |  1  2  3  4  5  6  7 |
---------------+----------------------+-----
Spellcasting   | 5 |  5.7
Invocations    | 1 2 3 |  3.0
Short Blades   | 1 2 |  2.7
Long Blades    | 1 2 |  2.7
Axes           | 1 2 |  2.7
Maces & Flails | 1 2 |  2.7
Staves         | 1 2 |  2.7
Slings         | 1 2 |  2.7
Bows           | 1 2 |  2.7
Crossbows      | 1 2 |  2.7
Throwing       | 1 2 |  2.7
Stealth        | 1 2 |  2.7
Shields        | 1 2 |  2.7
Unarmed Combat | 1 2 |  2.7
Evocations     | 1 2 |  2.7
Conjurations   | 1 2 |  2.2
Hexes          | 1 2 |  2.2
Summonings     | 1 2 |  2.2
Necromancy     | 1 2 |  2.2
Translocations | 1 2 |  2.2
Transmutations | 1 2 |  2.2
Fire Magic     | 1 2 |  2.2
Ice Magic      | 1 2 |  2.2
Air Magic      | 1 2 |  2.2
Earth Magic    | 1 2 |  2.2
Poison Magic   | 1 2 |  2.2
Armour         | 3 |  3.8
Fighting       | 5 |  5.3
Polearms       | 5 |  5.3
Dodging        | 5 |  5.3
Charms         | |  5.9

Action                   |  1- 3 |  4- 6 |  7- 9 || total
-------------------------+-------+-------+-------++-------
Melee: Spear             |    69 |    89 |    44 ||   202
       Bite              |     4 |    10 |     6 ||    20
       Punch             |       |     1 |     1 ||     2
       Flail             |       |    11 |    10 ||    21
Throw: Stone             |       |     1 |     1 ||     2
       Tomahawk          |       |       |     2 ||     2
 Cast: Infusion          |     6 |       |       ||     6
       Spectral Weapon   |     5 |    11 |     6 ||    22
       Shroud of Golubri |       |     3 |     1 ||     4
       Song of Slaying   |       |     2 |     2 ||     4
       Regeneration      |       |     2 |       ||     2
  Use: Potion            |       |     1 |     4 ||     5
 Stab: Sleeping          |     1 |     2 |       ||     3
       Distracted        |       |     1 |       ||     1
  Eat: Ration            |     1 |     1 |       ||     2
Armor: Leather armour    |     9 |     3 |    11 ||    23
       Skin              |       |       |    26 ||    26
Dodge: Dodged            |    36 |    57 |    70 ||   163

Table legend:
 A = Turns spent in this place as a percentage of turns spent in the entire game.
 B = Non-inter-level travel turns spent in this place as a percentage of non-inter-level travel turns spent in the entire game.
 C = Inter-level travel turns spent in this place as a percentage of turns spent in this place.
 D = Turns resting spent in this place as a percentage of non-inter-level travel turns spent in this place.
 E = Turns spent auto-exploring this place as a percentage of non-inter-level travel turns spent in this place.
 F = Non-inter-level travel turns spent in this place divided by the number of levels of this place that you've seen.
                   A       B       C       D       E      F
               +-------+-------+-------+-------+-------+----------------------
         Total | 100.0 | 100.0 |   1.7 |   0.0 |   0.0 | 222.2
       Dungeon | 100.0 | 100.0 |   1.7 |   0.0 |   0.0 | 222.2
               +-------+-------+-------+-------+-------+----------------------

Table legend:
 A = Kills in this place as a percentage of kills in entire the game.
 B = Kills by you in this place as a percentage of kills by you in the entire game.
 C = Kills by friends in this place as a percentage of kills by friends in the entire game.
 D = Other kills in this place as a percentage of other kills in the entire game.
 E = Experience gained in this place as a percentage of experience gained in the entire game.
 F = Experience gained in this place divided by the number of levels of this place that you have seen.
                   A       B       C       D       E      F
               +-------+-------+-------+-------+-------+----------------------
         Total | 100.0 | 100.0 |   N/A |   N/A | 100.0 | 191.2
       Dungeon | 100.0 | 100.0 |   N/A |   N/A | 100.0 | 191.2
               +-------+-------+-------+-------+-------+----------------------

Levels and vault maps discovered:
D:1:      minmay_arrival_checkered_box, layout_loops_cross,
          minmay_misc_feat_pillars
D:2:      layout_basic, gammafunk_temple_overflow_forgotten,
          grunt_dithmenos_smoke_and_mirrors
D:3:      layout_loops_ring, chequers_ecumenical_altar_island, first_ration,
          wander_ebering_terrifying_dragon_lair
D:4:      layout_basic, minmay_temple_entry_proselytizer, gup_sewer_entry_pipe,
          columned_hall_lemuel, lightli_corner_chamber
D:5:      layout_rooms, roderic_batcave, uniq_grinder, uniq_duvessa
D:6:      layout_loops_cross, grunt_temple_overflow_bloody_war,
          eat_drink_and_be_merry_uskayaw, serial_shops, shop_fountains,
          minmay_quadrilaterals
